 Dungeon Crawl Stone Soup version 0.26.1-11-gd32895ea62 (webtiles) character file.

Game seed: 11078113148269635891

133 porpoise the Vandal (level 5, -2/36 HPs)
             Began as a Halfling Hunter on Apr 24, 2021.
             Killed by nerve-wracking pain
             ... invoked by Grinder
              (3 damage)
             ... on level 3 of the Dungeon.
             The game lasted 00:05:41 (1996 turns).

porpoise the Vandal (Halfling Hunter)               Turns: 1996, Time: 00:05:41

Health: -2/36      AC:  8    Str: 14    XL:     5   Next: 39%
Magic:  5/5        EV: 13    Int:  9    God:
Gold:   95         SH:  0    Dex: 15    Spells: 4/4 levels left

rFire    . . .     SeeInvis .   b - +1 hunting sling
rCold    . . .     Faith    .   (shield restricted)
rNeg     . . .     Spirit   .   h - +0 ring mail
rPois    .         Reflect  .   (no helmet)
rElec    .         Harm     .   c - +2 cloak
rCorr    .         Rampage  .   (no gloves)
Will     .....                  (no boots)
Stlth    +.........             u - amulet of magic regeneration
HPRegen  0.12/turn              (no ring)
MPRegen  0.34/turn              (no ring)

@: no status effects
A: small, mutation resistance 1
a: no special abilities


You were on level 3 of the Dungeon.
You visited 1 branch of the dungeon, and saw 3 of its levels.

You collected 95 gold pieces.

Inventory:

Hand Weapons
 a - a +0 short sword
 b - a +1 hunting sling (weapon)
Missiles
 d - 33 sling bullets (quivered ammo)
 e - 82 stones
 p - 9 poisoned darts
Armour
 c - a +2 cloak (worn)
 h - a +0 ring mail (worn)
Jewellery
 u - an amulet of magic regeneration (around neck)
Scrolls
 g - a scroll of teleportation {unknown}
 i - 3 scrolls of remove curse {unknown}
 k - a scroll of immolation {unknown}
 l - a scroll of magic mapping {unknown}
 m - a scroll of enchant armour {unknown}
 n - 2 scrolls of random uselessness {unknown}
 o - a scroll of fog {unknown}
 r - 2 scrolls of identify {unknown}
 t - a scroll of enchant weapon {unknown}
Potions
 f - a potion of heal wounds {unknown}
 j - a potion of magic {unknown}
 q - a potion of attraction {unknown}
 s - a potion of curing {unknown}


   Skills:
 + Level 3.5 Fighting
 + Level 7.6 Slings
 - Level 2.1 Dodging
 - Level 1.1 Stealth


You had 4 spell levels left.
You didn't know any spells.
Your spell library was empty.

Dungeon Overview and Level Annotations

Branches:
Dungeon (3/15)

Altars:
Fedhas
Sif Muna
Uskayaw

Annotations:
D:3 Grinder


Innate Abilities, Weirdness & Mutations

You are small and have problems with some larger weapons.
You are somewhat resistant to further mutation.


Message History

The hobgoblin hits you but does no damage.
Grinder hits you but does no damage.
The hobgoblin hits you but does no damage.
Grinder says, "Wait up."
Grinder gestures at you. Pain shoots through your body!
The hobgoblin hits you with a +0 club. The rat bites you but does no damage.
Grinder hits you.
You writhe in agony.
* * * LOW HITPOINT WARNING * * *
The hobgoblin hits you but does no damage.
The rat bites you but does no damage. Grinder hits you.
* * * LOW HITPOINT WARNING * * *
You writhe in agony.
* * * LOW HITPOINT WARNING * * *
You can move again.
Unknown command.
You are too injured to fight recklessly!
Grinder gestures at you. Pain shoots through your body!
You die...

#)#...###.##..........
##.(. #)######..####
....######.# ##...####
#..>.....# #..#..... .
#........## #.##...##
(.. #.(.......#
#..†.###
..((#.#..####.###.>###
_.....#5.##.......##
#(.r@##.#.#.###
#..g....#...#
#.#......#..#
#.#.#..#....#
..#.#.###.... .# ....#
#..#.. .. ..###
#..#### ## #..#


You could see Grinder, a hobgoblin and a rat.

Vanquished Creatures
  4 gnolls (D:2)
  4 adders
  2 worms (D:2)
  4 leopard geckos
  2 bats
  A giant cockroach (D:1)
  8 goblins
  4 hobgoblins
  10 jackals (D:2)
  6 kobolds
  A ball python (D:1)
  A frilled lizard (D:1)
  3 rats
50 creatures vanquished.

Notes
Turn   | Place    | Note
-------+----------+-------------------------------------------
     0 | D:1      | porpoise the Halfling Hunter began the quest for the Orb.
     0 | D:1      | Reached XP level 1. HP: 14/14 MP: 1/1
   164 | D:1      | Reached skill level 6 in Slings
   236 | D:1      | Reached XP level 2. HP: 19/19 MP: 2/2
   680 | D:1      | Reached XP level 3. HP: 25/25 MP: 3/3
  1233 | D:2      | Found a blossoming altar of Fedhas.
  1439 | D:2      | Reached XP level 4. HP: 30/30 MP: 4/4
  1451 | D:2      | Reached skill level 7 in Slings
  1568 | D:2      | Reached XP level 5. HP: 36/36 MP: 5/5
  1696 | D:2      | Found a shimmering blue altar of Sif Muna.
  1980 | D:3      | Found a hide-covered altar of Uskayaw.
  1980 | D:3      | Noticed Grinder
  1990 | D:3      | Paralysed by Grinder for 5 turns
  1995 | D:3      | HP: 1/36 [Grinder (3)]
  1996 | D:3      | Killed from afar by Grinder

Illustrated notes

Levels and vault maps discovered:
D:1:      dpeg_arrival_rooms_b, layout_rooms, serial_curves, eino_curves_04,
          eino_curves_01, minmay_misc_feat_more_columns, kennysheep_crisscross
D:2:      layout_basic, general_overflow_altar, overflow_temple_1_default
D:3:      layout_rooms, old_standard_altar, uniq_grinder, uniq_jessica

Skill      XL: |  1  2  3  4 |
---------------+-------------+-----
Slings         | 6 7 |  7.6
Fighting       | 2 3 |  3.5
Dodging        | |  2.1
Stealth        | |  1.1

Action                   |  1- 3 |  4- 6 || total
-------------------------+-------+-------++-------
Melee: Short sword       |    32 |       ||    32
 Fire: Hunting sling     |    68 |    98 ||   166
Armor: Leather armour    |     8 |       ||     8
       Ring mail         |     3 |    10 ||    13
Dodge: Dodged            |    33 |    31 ||    64
